 Dungeon Crawl Stone Soup version 0.19.5 (webtiles) character file.

3299 miragecloak the Martial Artist (level 10, -2/84 HPs)
             Began as a Naga Transmuter on Apr 19, 2017.
             Was a Follower of Cheibriados.
             Slain by a bullfrog (7 damage)
             ... on level 8 of the Dungeon.
             The game lasted 00:16:34 (7880 turns).

miragecloak the Martial Artist (Naga Transmuter)    Turns: 7880, Time: 00:16:35

Health: -2/84      AC:  4    Str: 15      XL:     10   Next: 1%
Magic:  9/14       EV: 19    Int: 17      God:    Cheibriados [*.....]
Gold:   319        SH:  0    Dex: 22 (23) Spells: 3 memorised, 3 levels left

rFire  . . .     SeeInvis +       - Unarmed
rCold  . . .     Gourm    .     (armour currently unavailable)
rNeg   . . .     Faith    .     (shield currently unavailable)
rPois  x         Spirit   .     (helmet currently unavailable)
rElec  .         Reflect  .     (cloak currently unavailable)
rCorr  .         Harm     .     (gloves currently unavailable)
MR     ++...     Rnd*Tele +     (no barding)
Stlth  ++........               l - amulet of regeneration
                                E - ring of teleportation (curse)
                                p - +2 ring of protection

@: lethally poisoned (-2 -> -4), spider-form, very slightly contaminated, very
slow
A: see invisible, (deformed body), deterioration 1, magic resistance 1, mutation
resistance 1, (poison resistance), (slowness 0), slow metabolism 1, spit poison
1, AC +3
a: Spit Poison, End Transformation, Bend Time, Renounce Religion


You were on level 8 of the Dungeon.
You worshipped Cheibriados.
Cheibriados was aware of your devotion.
You were not hungry.
You were a venomous arachnid creature.
You visited 2 branches of the dungeon, and saw 9 of its levels.
You also visited: Ossuary.

You collected 319 gold pieces.

Inventory:

Missiles
 a - 101 arrows
Armour
 b - a +0 robe (melded)
Jewellery
 l - an amulet of regeneration (around neck)
 p - a +2 ring of protection (left front leg)
 E - a cursed ring of teleportation (right front leg)
Wands
 o - a wand of flame (24/48)
 w - a wand of digging (16/24)
Scrolls
 e - 6 scrolls of identify {unknown}
 j - 2 scrolls of immolation
 q - a scroll of recharging {unknown}
 r - 2 scrolls of remove curse {unknown}
 t - a scroll of enchant armour {unknown}
 v - 2 scrolls of random uselessness
 x - a scroll of fog
 y - 2 scrolls of amnesia
Potions
 g - a potion of berserk rage {unknown}
 h - 2 potions of curing {unknown}
 k - 2 potions of flight {unknown}
 n - 2 potions of mutation
 s - a potion of might {unknown}
 u - 3 potions of brilliance {unknown}
 z - a potion of lignification {unknown}
 B - a potion of resistance {unknown}
Books
 c - a book of Changes

   Spells                             Type                      Level
   a - Beastly Appendage              Transmutation                1
   b - Sticks to Snakes               Transmutation                2
   c - Spider Form                    Transmutation/Poison         3
   d - Ice Form                       Ice/Transmutation            4
   e - Blade Hands                    Transmutation                5
 C - a book of Minor Magic

   Spells                             Type                      Level
   a - Magic Dart                     Conjuration                  1
   b - Blink                          Translocation                2
   c - Call Imp                       Summoning                    2
   d - Repel Missiles                 Charms/Air                   2
   e - Slow                           Hexes                        2
   f - Conjure Flame                  Conjuration/Fire             3
   g - Mephitic Cloud                 Conjuration/Poison/Air       3
Comestibles
 d - 6 bread rations
 f - 2 slices of pizza
 i - a fruit
 m - 3 meat rations
 A - a beef jerky


   Skills:
 - Level 3.0 Fighting
 - Level 1.5 Dodging
 - Level 10.0 Unarmed Combat
 - Level 3.0 Spellcasting
 + Level 8.2 Transmutations
 - Level 3.1 Ice Magic
 - Level 3.4 Poison Magic


You had 3 spell levels left.
You knew the following spells:

 Your Spells              Type           Power        Failure   Level  Hunger
b - Spider Form           Tmut/Pois      ###.......   17%         3    ###....
c - Blade Hands           Tmut           ####......   36%         5    ######.
d - Ice Form              Ice/Tmut       ###.....     41%         4    ####...


Dungeon Overview and Level Annotations

Branches:
Dungeon (8/15)             Temple (1/1) D:6
   Lair: D:8-11

Altars:
Cheibriados
Dithmenos
Elyvilon
Fedhas
Hepliaklqana
Nemelex Xobeh
Qazlal
Sif Muna
Trog
Vehumet
Xom
Zin

Shops:
D:4 [   D:7 }

Annotations:
D:8 BEES


Innate Abilities, Weirdness & Mutations

You cannot wear boots.
((Your serpentine skin is tough. (AC +3)))
You have supernaturally acute eyesight. (SInv)
((Armour fits poorly on your strangely shaped body.))
((Your system is resistant to poisons. (rPois)))
((You cover ground very slowly.))
You have a slow metabolism.
You can spit poison.
Your body sometimes deteriorates upon taking damage.
You are resistant to hostile enchantments. (MR+)
You are somewhat resistant to further mutation.


Message History

Cheibriados thoroughly appreciates the change of pace.
You feel a bit more experienced.
Cheibriados thoroughly appreciates the change of pace.
Your Transmutations skill increases to level 8!
Cheibriados thoroughly appreciates the change of pace.
You have reached level 10!
Cheibriados thoroughly appreciates the change of pace.
You feel your strength returning.
You feel sick.
You hear a loud, deep croak!
You hear an angry buzzing noise.
Okay, then.
You start resting.
You feel sick. x4
A bullfrog comes into view.
You feel sick. The bullfrog barely misses you.
You barely miss the bullfrog.
You feel sick. The bullfrog completely misses you.
You bite the bullfrog!
The bullfrog looks as sick as possible!
The bullfrog is severely wounded.
You feel sick. The bullfrog hits you!
You die...

..## .## ## #########
........########
#######.........
...........#.########.##
####.........# #.§.....#
#.#####...# #s# #.#
#...# #F# #.#
#...###§####..## #.#
#....§§§§§...... #.#
#..#.####y......
####.#####.##.# .##..##
#.............# .# .#
#....#####.#### .#
#..### #. .#


You could see a bullfrog.

Vanquished Creatures
  Maurice (D:8)
  A hippogriff (D:8)
  Eustachio (D:6)
  A sky beast (D:5)
  An ogre (D:6)
  3 phantoms
  3 centaurs
  4 bullfrogs
  4 scorpions
  7 killer bees (D:8)
  4 crimson imps
  A bullfrog zombie (D:5)
  A quasit (D:8)
  A centaur zombie (D:5)
  A jelly (D:8)
  3 hounds
  2 bullfrog skeletons
  3 orc priests
  10 orc wizards
  An iguana (D:4)
  6 worker ants
  A hound skeleton (D:6)
  2 mummies (Ossuary)
  A worker ant zombie (D:6)
  8 adders
  A river rat (D:6)
  2 shadow imps
  4 oozes
  4 worms
  2 dart slugs
  2 leopard geckos
  17 orcs
  11 bats
  9 giant cockroaches
  3 gnoll zombies (Ossuary)
  6 hobgoblins
  2 jackals (D:5)
  9 kobolds
  3 quokkas
  3 ball pythons
  3 frilled lizards
  10 goblins
  2 hobgoblin zombies (Ossuary)
  2 kobold zombies (Ossuary)
  2 leopard gecko skeletons
  8 rats
176 creatures vanquished.

Vanquished Creatures (others)
  An orc wizard (D:6)
1 creature vanquished.

Grand Total: 177 creatures vanquished

Notes
Turn   | Place    | Note
-------+----------+-------------------------------------------
     0 | D:1      | miragecloak the Naga Transmuter began the quest for the Orb.
     0 | D:1      | Reached XP level 1. HP: 18/18 MP: 3/3
    47 | D:1      | Reached XP level 2. HP: 10/25 MP: 3/5
  1239 | D:1      | Reached XP level 3. HP: 16/31 MP: 4/6
  1257 | D:1      | Learned a level 3 spell: Spider Form
  1719 | D:2      | Reached skill level 1 in Poison Magic
  2261 | D:2      | Reached XP level 4. HP: 29/38 MP: 7/7
  3356 | D:3      | Found a blossoming altar of Fedhas.
  3450 | D:3      | Reached XP level 5. HP: 21/44 MP: 3/8
  3882 | D:3      | Reached skill level 4 in Unarmed Combat
  4072 | D:4      | Reached XP level 6. HP: 44/51 MP: 4/9
  4129 | D:4      | Found a shadowy altar of Dithmenos.
  4200 | D:4      | Reached skill level 5 in Unarmed Combat
  4269 | D:4      | Found a sand-covered staircase.
  4291 | D:4      | Found Quton's Armour Emporium.
  4306 | Ossuary  | Entered an ossuary
  4593 | D:4      | Noticed a phantom
  4613 | D:4      | Killed a phantom
  4613 | D:4      | Reached XP level 7. HP: 34/61 MP: 8/10
  5035 | D:5      | Entered Level 5 of the Dungeon
  5255 | D:5      | Reached skill level 6 in Unarmed Combat
  5366 | D:5      | Gained mutation: You are resistant to hostile enchantments. (MR+) [potion of mutation]
  5366 | D:5      | Gained mutation: Your body sometimes deteriorates upon taking damage. [potion of mutation]
  5367 | D:5      | HP: 3/62 [phantom (8)]
  5368 | D:5      | Reached skill level 7 in Unarmed Combat
  5571 | D:5      | Reached XP level 8. HP: 69/69 MP: 7/11
  5574 | D:5      | Found a shimmering altar of Xom.
  5575 | D:5      | Found a white marble altar of Elyvilon.
  5614 | D:5      | Gained mutation: You are somewhat resistant to further mutation. [mutagenic meat]
  5639 | D:5      | Reached skill level 8 in Unarmed Combat
  5873 | D:5      | Reached skill level 9 in Unarmed Combat
  6312 | D:6      | Noticed Eustachio
  6441 | D:6      | Noticed a yak
  6441 | D:6      | Noticed a yak
  6441 | D:6      | Noticed a yak
  6585 | D:6      | Found a staircase to the Ecumenical Temple.
  6608 | D:6      | Killed Eustachio
  6608 | D:6      | Reached skill level 10 in Unarmed Combat
  6608 | D:6      | Reached XP level 9. HP: 44/75 MP: 10/12
  6657 | D:6      | Found a stormy altar of Qazlal.
  6681 | D:6      | Reached skill level 5 in Transmutations
  6718 | Temple   | Entered the Ecumenical Temple
  6739 | Temple   | Became a worshipper of Cheibriados the Contemplative
  6763 | D:6      | Learned a level 5 spell: Blade Hands
  6770 | D:6      | Found a glowing drain.
  7284 | D:7      | Learned a level 4 spell: Ice Form
  7320 | D:7      | Found Foepioro's Gadget Shop.
  7323 | D:7      | Found a hazy altar of Hepliaklqana.
  7323 | D:7      | Found a bloodstained altar of Trog.
  7456 | D:8      | Reached skill level 1 in Ice Magic
  7545 | D:8      | Noticed Maurice
  7551 | D:8      | Reached * piety under Cheibriados
  7557 | D:8      | Killed Maurice
  7820 | D:8      | Found a sparkling altar of Nemelex Xobeh.
  7873 | D:8      | Reached XP level 10. HP: 9/84 MP: 8/14
  7880 | D:8      | Slain by a bullfrog

Skill      XL: |  1  2  3  4  5  6  7  8  9 |
---------------+----------------------------+-----
Transmutations | 3 4 8 |  8.2
Poison Magic   | 2 3 |  3.4
Unarmed Combat | 4 5 7 10 | 10.0
Fighting       | 2 3 |  3.0
Spellcasting   | 3 |  3.0
Ice Magic      | 3 |  3.1
Dodging        | |  1.5

Action                   |  1- 3 |  4- 6 |  7- 9 | 10-12 || total
-------------------------+-------+-------+-------+-------++-------
Melee: Unarmed           |   133 |   202 |   286 |     2 ||   623
       Headbutt          |     6 |     4 |       |       ||    10
       Punch             |     1 |       |       |       ||     1
 Cast: Beastly Appendage |    17 |     3 |       |       ||    20
       Spider Form       |     5 |    29 |    49 |       ||    83
 Abil: Spit Poison       |     3 |     2 |     4 |       ||     9
  Use: Potion            |       |       |     1 |       ||     1
       Scroll            |       |       |     4 |       ||     4
 Stab: Sleeping          |       |       |     1 |       ||     1
  Eat: Chunk             |     4 |    10 |    16 |       ||    30
       Fruit             |       |       |     1 |       ||     1
Armor: Robe              |    52 |    17 |     6 |       ||    75
       Skin              |     1 |    10 |    34 |       ||    45
Dodge: Dodged            |   138 |   137 |   252 |     2 ||   529
